 Dungeon Crawl Stone Soup version 0.28.0-43-g3370ac3207 (webtiles) character file.

Game seed: 6304144528534845394

4 MisterFreud the Changer (level 1, 0/15 HPs)
             Began as a Merfolk Transmuter on Mar 3, 2022.
             Slain by a jackal (2 damage)
             ... on level 1 of the Dungeon.
             The game lasted 00:00:48 (339 turns).

MisterFreud the Changer (Merfolk Transmuter)         Turns: 339, Time: 00:00:48

Health: 0/15       AC:  2    Str: 10    XL:     1   Next: 70%
Magic:  3/3        EV: 12    Int: 12    God:
Gold:   0          SH:  0    Dex: 14    Spells: 3/4 levels left

rFire   . . .      SeeInvis .     - Unarmed
rCold   . . .      Faith    .   (no shield)
rNeg    . . .      Spirit   .   a - +0 robe
rPois   .          Reflect  .   (helmet currently unavailable)
rElec   .          Harm     .   (no cloak)
rCorr   .          Rampage  .   (no gloves)
Will    .....                   (boots currently unavailable)
Stlth   +.........              (no amulet)
HPRegen 0.05/turn               (no ring)
MPRegen 0.08/turn               (no ring)

@: appendages (expiring)
A: horns 2, (nimble swimmer 2), mertail
a: End Transformation


You were on level 1 of the Dungeon.
You had temporarily grown beastly horns.
You visited 1 branch of the dungeon, and saw 2 of its levels.

Inventory:

Armour
 a - a +0 robe (worn)


   Skills:
 - Level 1.1 Fighting
 - Level 2.6 Dodging
 - Level 3.2 Unarmed Combat
 - Level 2.0 Spellcasting
 + Level 3.3 Transmutations


You had 3 spell levels left.
You knew the following spells:

 Your Spells              Type           Power      Damage    Failure   Level
a - Beastly Appendage     Tmut           18%        N/A       7%          1

Your spell library contained the following spells:

 Spells                   Type           Power      Damage    Failure   Level
 Wereblood                Tmut           9%         N/A       11%         2
 Spider Form              Tmut/Pois      5%         N/A       38%         3
 Ice Form                 Ice/Tmut       5%         N/A       80%         4


Dungeon Overview and Level Annotations

Branches:
Dungeon (2/15)

Altars:


Innate Abilities, Weirdness & Mutations

You have temporarily grown beastly horns.
((You are very nimble when in or above water. (Stealth+, EV+, Speed+++)))
Your lower body shifts to a powerful aquatic tail in water.


Message History

There is an open door here.
Casting: Beastly Appendage (safe; 8% risk of failure)
Confirm with . or Enter, or press ? or * to list all spells.
You grow a pair of large bovine horns.
The jackal bites you.
You hit the jackal but do no damage. The jackal barely misses you.
You barely miss the jackal. Your headbutt misses the jackal.
The jackal misses you.
You completely miss the jackal. The jackal bites you.
You hit the jackal but do no damage. You headbutt the jackal.
The jackal is heavily wounded.
The jackal bites you. x2
You barely miss the jackal.
The jackal is heavily wounded.
Your transformation is almost over.
The jackal bites you.
You barely miss the jackal. Your headbutt misses the jackal.
The jackal is heavily wounded.
The jackal bites you.
You hit the jackal. You headbutt the jackal.
You kill the jackal!
The jackal bites you.
You hit the jackal.
The jackal is moderately wounded.
The jackal bites you but does no damage.
You barely miss the jackal.
The jackal is moderately wounded.
The jackal barely misses you. The jackal closely misses you.
You hit the jackal but do no damage.
The jackal is moderately wounded.
The jackal closely misses you.
You hit the jackal but do no damage.
The jackal is lightly wounded.
The jackal bites you.
* * * LOW HITPOINT WARNING * * *
You hit the jackal.
The jackal is severely wounded.
The jackal bites you.
* * * LOW HITPOINT WARNING * * *
The jackal bites you.
You die...

#################
..........†.....#
.........######.#
.........######.#
.............>#.#
.........####@#.#
..#####.## ##h#.#
####.# #....# ###
#....#
#....###...hh
#....##
#........#
##.....#
#....#####
#.8....# ##....
#<.....# ######
#.8.......


You could see a jackal.

Vanquished Creatures
  A hobgoblin (D:1)
  2 jackals (D:1)
  A rat (D:1)
4 creatures vanquished.

Notes
Turn   | Place    | Note
-------+----------+-------------------------------------------
     0 | D:1      | MisterFreud the Merfolk Transmuter began the quest for the
                  | Orb.
     0 | D:1      | Reached XP level 1. HP: 15/15 MP: 3/3
   339 | D:1      | Slain by a jackal

Illustrated notes

Levels and vault maps discovered:
D:1:      mrwooster_arrival_statue, layout_basic,
          hellmonk_ecumenical_altar_arch_garden
D:2:      layout_rooms

Skill      XL: |  1 |
---------------+----+-----
Transmutations | 3 |  3.3
Fighting       | |  1.1
Dodging        | |  2.6
Unarmed Combat | |  3.2
Spellcasting   | |  2.0

Action                   || total
-------------------------++-------
Melee: Unarmed           ||    22
       Headbutt          ||     3
       Punch             ||     1
 Cast: Beastly Appendage ||     4
Armor: Robe              ||     2
Dodge: Dodged            ||    14
